Canadiens vs Capitals

Created - December 5, 2016 at 17:38

Goals
1 2 3 T
Canadiens 0 0 1 1
Capitals 3 0 2 5
Shots
1 2 3 T
Canadiens 12 4 9 25
Capitals 13 10 19 42

1st period

1. Capitals , Alexander Ovechkin 18 (Ryan McDonagh, Ryan Kesler) at 9:38
2. Capitals , Taylor Hall 13 (David Desharnais, Morgan Rielly) at 13:11 (PP)
3. Capitals , Taylor Hall 14 (Mike Green, David Desharnais) at 14:32 (PP)

Penalties :
Dale Weise (MTL) for Hooking (Minor) at 12:09, Justin Abdelkader (MTL) for Tripping (Minor) at 14:01, Alexander Ovechkin (WSH) for High sticking (Minor) at 16:31

2nd period

No Goal

Penalties :
Matt Stajan (WSH) for Holding (Minor) at 6:29, Ian Cole (MTL) for Holding (Minor) at 6:29

3rd period

4. Canadiens , Teuvo Teravainen 5 (Dale Weise, Nate Schmidt) at 5:00
5. Capitals , Ryan Kesler 13 (Alexander Ovechkin, Morgan Rielly) at 12:17
6. Capitals , Alexander Ovechkin 19 (Viktor Stalberg, Ryan Kesler) at 18:23

Penalties :
No Penalty

Goalie Stats

Jonathan Bernier (MTL), 29 saves from 31 shots - (0.935), 45:28 minutes
Cam Talbot (MTL), 8 saves from 11 shots - (0.727), L, 11-10-0, 14:32 minutes
Cam Ward (WSH), 24 saves from 25 shots - (0.960), W, 10-4-3, 60:00 minutes

Players Stats for Canadiens

Player Name              G  A  P  +/- PIM S  H  SB GA TA FO     MP     PP MP  PK MP  
------------------------------------------------------------------------------------
Adam Larsson             0  0  0  -2  0   3  2  4  0  0  0/0    22:48   1:23   1:27 
Brayden McNabb           0  0  0  -1  0   0  2  1  0  0  0/0    20:10   0:00   0:06 
Cam Fowler               0  0  0  -2  0   1  0  3  0  0  0/0    22:29   1:23   1:08 
Dale Weise               0  1  1   0  2   0  2  0  0  0  0/0    11:00   0:00   0:00 
Dan Girardi              0  0  0  -1  0   0  3  1  0  0  0/0    21:05   0:36   0:25 
Ian Cole                 0  0  0   1  2   0  0  1  0  0  0/0    16:25   0:00   0:00 
Joffrey Lupul            0  0  0  -2  0   1  0  0  0  0  1/1    20:36   0:36   0:22 
Jordan Eberle            0  0  0   0  0   3  0  1  0  0  0/0    20:29   1:23   0:00 
Josh Bailey              0  0  0   0  0   1  1  0  0  0  1/2    11:32   0:00   0:31 
Justin Abdelkader        0  0  0   0  2   0  3  1  0  0  0/2    21:16   1:23   0:00 
Martin Hanzal            0  0  0   0  0   2  0  1  0  0  13/24  21:09   1:23   0:40 
Matt Moulson             0  0  0   0  0   0  0  0  0  0  0/0     5:55   0:00   0:00 
Mike Ribeiro             0  0  0  -2  0   4  1  1  0  0  16/31  20:14   0:36   0:00 
Nail Yakupov             0  0  0   0  0   1  0  0  0  0  0/0     5:55   0:00   0:00 
Nate Schmidt             0  1  1   1  0   1  0  5  0  0  0/0    17:02   0:36   0:00 
Nick Shore               0  0  0   0  0   0  0  0  0  0  6/12    7:28   0:00   1:33 
Patrick Eaves            0  0  0  -2  0   2  2  0  0  0  0/0    19:03   0:36   0:00 
Teuvo Teravainen         1  0  1   0  0   6  0  0  0  0  6/11   11:49   0:00   0:00 

Players Stats for Capitals

Player Name              G  A  P  +/- PIM S  H  SB GA TA FO     MP     PP MP  PK MP  
------------------------------------------------------------------------------------
Alexander Ovechkin       2  1  3   2  2   8  1  0  0  0  1/2    16:24   0:50   0:00 
Andrew Desjardins        0  0  0   0  0   1  0  0  0  0  1/1    14:04   0:00   0:00 
Calvin de Haan           0  0  0   0  0   0  1  1  0  0  0/0    17:34   0:12   0:47 
Cody Eakin               0  0  0   0  0   3  1  0  0  0  4/11   10:07   0:50   1:34 
David Desharnais         0  2  2   0  0   3  0  1  0  0  13/23  20:43   0:43   0:25 
Derek Dorsett            0  0  0   0  0   2  1  0  0  0  3/6     8:45   0:50   0:25 
Dmitri Orlov             0  0  0   0  0   0  0  1  0  0  0/0     5:56   0:00   0:00 
Jack Johnson             0  0  0   0  0   0  0  0  0  0  0/0    16:35   0:00   0:00 
Jiri Tlusty              0  0  0   0  0   4  0  0  0  0  0/1    13:48   0:00   0:00 
Matt Stajan              0  0  0   0  2   3  1  0  0  0  7/17   13:47   0:00   0:00 
Mike Blunden             0  0  0   0  0   3  5  0  0  0  0/0    18:29   0:00   0:00 
Mike Green               0  1  1   2  0   2  1  2  0  0  0/0    23:53   1:21   1:12 
Morgan Rielly            0  2  2   0  0   1  2  1  0  0  0/0    19:32   0:12   0:47 
Ryan Kesler              1  2  3   2  0   6  5  0  0  0  10/19  22:49   0:00   0:00 
Ryan McDonagh            0  1  1   2  0   0  0  4  0  0  0/0    19:03   1:21   1:12 
Ryan Murphy              0  0  0   0  0   0  0  2  0  0  0/0    17:27   0:00   0:00 
Taylor Hall              2  0  2   0  0   5  0  0  0  0  1/3    20:46   0:43   1:34 
Viktor Stalberg          0  1  1   2  0   1  0  0  0  0  0/0    16:18   0:43   0:00 

3 Stars

1 - Ryan Kesler (WSH)
2 - Alexander Ovechkin (WSH)
3 - Taylor Hall (WSH)

Power Play

Canadiens - 0 on 1 Attempt(s) - 0.00%
Capitals - 2 on 2 Attempt(s) - 100.00%

Penalty Kill

Canadiens - 0 on 2 Attempt(s) - 0.00% - Score 0 goal in Penalty Kill
Capitals - 1 on 1 Attempt(s) - 100.00% - Score 0 goal in Penalty Kill

Team Stat

Canadiens - Hits : 16 - Faceoff Wins : 43 - Blocked Shots : 19 - Penalty Minutes : 6
Capitals - Hits : 18 - Faceoff Wins : 40 - Blocked Shots : 12 - Penalty Minutes : 4

Official

Referees : Ghislain Hebert and Dan O'Halloran
Linesman : Tim Nowak and Steve Miller

Game Notes

Jonathan Bernier enters game at 14:32 of 1st period

Finance

Level 1 -- Attendance: 2111 (32.48%) -- Ticket Income $527,750
Level 2 -- Attendance: 1714 (34.28%) -- Ticket Income $342,800
Level 3 -- Attendance: 831 (23.74%) -- Ticket Income $145,425
Level 4 -- Attendance: 689 (27.49%) -- Ticket Income $103,350
Luxury Box -- Attendance: 417 (41.70%) -- Ticket Income $166,800
Game was played at the Verizon Center.
Total Attendance: 5762 (31.14%)
Total Ticket Income: $1,286,125
Other Income: $192,919
Total Income: $1,479,044

% Time on Ice - Canadiens

Lines # - Real PCT - Wanted PCT - Time Play
Normal Forward
1 - 35% - 35% - 19:06
2 - 34% - 35% - 18:27
3 - 20% - 20% - 11:01
4 - 11% - 10% - 5:55
Normal Defense
1 - 34% - 40% - 18:47
2 - 35% - 35% - 19:16
3 - 16% - 13% - 8:50
4 - 14% - 12% - 7:36
PP Forward
1 - 70% - 60% - 1:23
2 - 30% - 40% - 0:36
PP Defense
1 - 70% - 50% - 1:23
2 - 30% - 50% - 0:36
PK Forward
1 - 100% - 60% - 1:33
2 - 0% - 40% - 0:00
PK Defense
1 - 94% - 50% - 1:27
2 - 6% - 50% - 0:06
PK3 Forward
1 - 0% - 60%
2 - 0% - 40%
PK3 Defense
1 - 0% - 50%
2 - 0% - 50%
44 Forward
1 - 40% - 50% - 0:48
2 - 60% - 50% - 1:11
44 Defense
1 - 60% - 50% - 1:11
2 - 40% - 50% - 0:48
Last Minute Offensive  - 0:00
Last Minute Defensive  - 0:00
Total
Forward - 60:00
Defense - 60:00

% Time on Ice - Capitals

Lines # - Real PCT - Wanted PCT - Time Play
Normal Forward
1 - 29% - 33% - 15:35
2 - 34% - 30% - 18:29
3 - 25% - 22% - 13:48
4 - 12% - 15% - 6:37
Normal Defense
1 - 29% - 33% - 15:37
2 - 32% - 26% - 17:27
3 - 30% - 26% - 16:35
4 - 9% - 15% - 4:50
PP Forward
1 - 46% - 60% - 0:43
2 - 54% - 40% - 0:50
PP Defense
1 - 87% - 60% - 1:21
2 - 13% - 40% - 0:12
PK Forward
1 - 79% - 60% - 1:34
2 - 21% - 40% - 0:25
PK Defense
1 - 61% - 60% - 1:12
2 - 39% - 40% - 0:47
PK3 Forward
1 - 0% - 60%
2 - 0% - 40%
PK3 Defense
1 - 0% - 60%
2 - 0% - 40%
44 Forward
1 - 45% - 60% - 0:53
2 - 55% - 40% - 1:06
44 Defense
1 - 45% - 60% - 0:53
2 - 55% - 40% - 1:06
Last Minute Offensive  - 0:00
Last Minute Defensive  - 0:00
Total
Forward - 60:00
Defense - 60:00

Play by Play

1st period


0:01 of 1st period - Martin Hanzal wins face-off versus Ryan Kesler in neutral zone.
0:19 of 1st period - Shot by Jordan Eberle.
0:19 of 1st period - Deflect By Martin Hanzal.
0:19 of 1st period - Stopped by Cam Ward without a rebound.
0:20 of 1st period - David Desharnais wins face-off versus Mike Ribeiro in Capitals zone.
0:20 of 1st period - David Desharnais is hit by Mike Ribeiro.
1:06 of 1st period - Icing by Dan Girardi.
1:07 of 1st period - Matt Stajan wins face-off versus Mike Ribeiro in Canadiens zone.
1:49 of 1st period - Shot by Teuvo Teravainen.
1:49 of 1st period - Deflect By Josh Bailey.
1:49 of 1st period - Stopped by Cam Ward without a rebound.
1:50 of 1st period - Cody Eakin wins face-off versus Martin Hanzal in Capitals zone.
1:50 of 1st period - Cody Eakin is hit by Justin Abdelkader.
1:58 of 1st period - Shot by Derek Dorsett.
1:58 of 1st period - Shot Misses the Net.
2:00 of 1st period - Shot by Derek Dorsett.
2:00 of 1st period - Shot Misses the Net.
2:04 of 1st period - Shot by Cody Eakin.
2:04 of 1st period - Shot Blocked by Nate Schmidt.
2:06 of 1st period - Shot by Ryan Kesler.
2:06 of 1st period - Shot Blocked by Justin Abdelkader.
2:08 of 1st period - Shot by Ryan Kesler.
2:08 of 1st period - Stopped by Cam Talbot without a rebound.
2:09 of 1st period - Nick Shore wins face-off versus David Desharnais in Canadiens zone.
2:30 of 1st period - Mike Green is hit by Adam Larsson and loses puck.
2:33 of 1st period - Shot by Mike Blunden.
2:33 of 1st period - Stopped by Cam Talbot with a rebound.
2:35 of 1st period - Shot by David Desharnais.
2:35 of 1st period - Stopped by Cam Talbot without a rebound.
2:36 of 1st period - Martin Hanzal wins face-off versus Ryan Kesler in Canadiens zone.
3:07 of 1st period - Icing by Martin Hanzal.
3:08 of 1st period - Matt Stajan wins face-off versus Martin Hanzal in Canadiens zone.
3:27 of 1st period - Off-side.
3:28 of 1st period - Mike Ribeiro wins face-off versus Cody Eakin in neutral zone.
4:01 of 1st period - Shot by Mike Green.
4:01 of 1st period - Stopped by Cam Talbot without a rebound.
4:02 of 1st period - David Desharnais wins face-off versus Josh Bailey in Canadiens zone.
4:31 of 1st period - Shot by Teuvo Teravainen.
4:31 of 1st period - Shot Blocked by Ryan Murphy.
4:33 of 1st period - Shot by Adam Larsson.
4:33 of 1st period - Stopped by Cam Ward without a rebound.
4:34 of 1st period - Martin Hanzal wins face-off versus Ryan Kesler in Capitals zone.
4:51 of 1st period - Shot by Alexander Ovechkin.
4:51 of 1st period - Shot Blocked by Martin Hanzal.
4:55 of 1st period - Shot by Alexander Ovechkin.
4:55 of 1st period - Shot Misses the Net.
4:57 of 1st period - Shot by Viktor Stalberg.
4:57 of 1st period - Shot Misses the Net.
5:05 of 1st period - Shot by Alexander Ovechkin.
5:05 of 1st period - Shot Blocked by Nate Schmidt.
5:07 of 1st period - Shot by Alexander Ovechkin.
5:07 of 1st period - Shot Blocked by Nate Schmidt.
5:13 of 1st period - Shot by Alexander Ovechkin.
5:13 of 1st period - Deflect By Ryan Kesler.
5:13 of 1st period - Shot Blocked by Nate Schmidt.
5:15 of 1st period - Shot by Mike Green.
5:15 of 1st period - Shot Misses the Net.
6:08 of 1st period - Shot by Joffrey Lupul.
6:08 of 1st period - Stopped by Cam Ward without a rebound.
6:09 of 1st period - David Desharnais wins face-off versus Teuvo Teravainen in Capitals zone.
6:19 of 1st period - Icing by Brayden McNabb.
6:20 of 1st period - Teuvo Teravainen wins face-off versus Cody Eakin in Canadiens zone.
6:26 of 1st period - Dan Girardi is hit by Derek Dorsett and loses puck.
6:39 of 1st period - Icing by Ryan Kesler.
6:40 of 1st period - Cody Eakin wins face-off versus Mike Ribeiro in Capitals zone.
6:50 of 1st period - Patrick Eaves is hit by Mike Green and loses puck.
6:53 of 1st period - Shot by Mike Ribeiro.
6:53 of 1st period - Stopped by Cam Ward without a rebound.
6:54 of 1st period - David Desharnais wins face-off versus Nick Shore in Capitals zone.
7:12 of 1st period - David Desharnais is hit by Dan Girardi and loses puck.
7:28 of 1st period - Icing by Dan Girardi.
7:29 of 1st period - Ryan Kesler wins face-off versus Nick Shore in Canadiens zone.
7:49 of 1st period - Ryan Kesler is hit by Dan Girardi and loses puck.
7:56 of 1st period - Shot by Viktor Stalberg.
7:56 of 1st period - Stopped by Cam Talbot without a rebound.
7:57 of 1st period - Matt Stajan wins face-off versus Mike Ribeiro in Canadiens zone.
7:57 of 1st period - Matt Stajan is hit by Adam Larsson.
8:32 of 1st period - Icing by Andrew Desjardins.
8:33 of 1st period - Matt Stajan wins face-off versus Martin Hanzal in Capitals zone.
9:04 of 1st period - Ryan Kesler is hit by Justin Abdelkader and loses puck.
9:31 of 1st period - Ryan Kesler is hit by Dan Girardi and loses puck.
9:38 of 1st period - Shot by Alexander Ovechkin.
9:38 of 1st period - Goal by Alexander Ovechkin - Canadiens : 0 - Capitals : 1.
9:39 of 1st period - Mike Ribeiro wins face-off versus David Desharnais in neutral zone.
9:51 of 1st period - Shot by Patrick Eaves.
9:51 of 1st period - Stopped by Cam Ward with a rebound.
9:53 of 1st period - Shot by Patrick Eaves.
9:53 of 1st period - Shot Misses the Net.
10:16 of 1st period - Icing by Cam Fowler.
10:17 of 1st period - Matt Stajan wins face-off versus Mike Ribeiro in Canadiens zone.
10:20 of 1st period - Shot by Jiri Tlusty.
10:20 of 1st period - Stopped by Cam Talbot with a rebound.
10:30 of 1st period - Shot by Jiri Tlusty.
10:30 of 1st period - Stopped by Cam Talbot without a rebound.
10:31 of 1st period - Teuvo Teravainen wins face-off versus Ryan Kesler in Canadiens zone.
10:31 of 1st period - Teuvo Teravainen is hit by Ryan Kesler.
12:09 of 1st period - Minor Penalty to Dale Weise for Hooking.
12:10 of 1st period - Derek Dorsett wins face-off versus Nick Shore in Canadiens zone.
12:15 of 1st period - Shot by Alexander Ovechkin.
12:15 of 1st period - Shot Blocked by Adam Larsson.
12:17 of 1st period - Shot by Mike Green.
12:17 of 1st period - Stopped by Cam Talbot without a rebound.
12:18 of 1st period - Martin Hanzal wins face-off versus Derek Dorsett in Canadiens zone.
13:11 of 1st period - Shot by Taylor Hall.
13:11 of 1st period - Goal by Taylor Hall - Canadiens : 0 - Capitals : 2.
13:12 of 1st period - Martin Hanzal wins face-off versus Matt Stajan in neutral zone.
14:01 of 1st period - Minor Penalty to Justin Abdelkader for Tripping.
14:02 of 1st period - Josh Bailey wins face-off versus Taylor Hall in Canadiens zone.
14:32 of 1st period - Shot by Taylor Hall.
14:32 of 1st period - Goal by Taylor Hall - Canadiens : 0 - Capitals : 3.
14:32 of 1st period - Jonathan Bernier enters game.
14:33 of 1st period - Mike Ribeiro wins face-off versus Cody Eakin in neutral zone.
14:42 of 1st period - Shot by Mike Ribeiro.
14:42 of 1st period - Stopped by Cam Ward without a rebound.
14:43 of 1st period - Joffrey Lupul wins face-off versus Cody Eakin in Capitals zone.
14:50 of 1st period - Joffrey Lupul is hit by Ryan Kesler and loses puck.
15:04 of 1st period - Icing by Brayden McNabb.
15:05 of 1st period - David Desharnais wins face-off versus Mike Ribeiro in Canadiens zone.
15:20 of 1st period - Shot by Mike Blunden.
15:20 of 1st period - Stopped by Jonathan Bernier without a rebound.
15:21 of 1st period - Ryan Kesler wins face-off versus Martin Hanzal in Canadiens zone.
15:42 of 1st period - Shot by Alexander Ovechkin.
15:42 of 1st period - Stopped by Jonathan Bernier without a rebound.
15:43 of 1st period - Nick Shore wins face-off versus David Desharnais in Canadiens zone.
15:43 of 1st period - Nick Shore is hit by Mike Blunden.
16:19 of 1st period - Icing by Nail Yakupov.
16:20 of 1st period - Nick Shore wins face-off versus Ryan Kesler in Canadiens zone.
16:20 of 1st period - Nick Shore is hit by Alexander Ovechkin.
16:31 of 1st period - Minor Penalty to Alexander Ovechkin for High sticking.
16:32 of 1st period - Martin Hanzal wins face-off versus Cody Eakin in Capitals zone.
16:33 of 1st period - Shot by Adam Larsson.
16:33 of 1st period - Stopped by Cam Ward with a rebound.
16:41 of 1st period - Shot by Cam Fowler.
16:41 of 1st period - Shot Misses the Net.
16:43 of 1st period - Shot by Cam Fowler.
16:43 of 1st period - Stopped by Cam Ward with a rebound.
16:45 of 1st period - Shot by Adam Larsson.
16:45 of 1st period - Shot Blocked by Calvin de Haan.
16:47 of 1st period - Shot by Cam Fowler.
16:47 of 1st period - Shot Misses the Net.
17:09 of 1st period - Shot by Cam Fowler.
17:09 of 1st period - Shot Misses the Net.
17:11 of 1st period - Shot by Adam Larsson.
17:11 of 1st period - Stopped by Cam Ward without a rebound.
17:12 of 1st period - Cody Eakin wins face-off versus Mike Ribeiro in Capitals zone.
17:12 of 1st period - Cody Eakin is hit by Patrick Eaves.
17:28 of 1st period - Shot by Dan Girardi.
17:28 of 1st period - Shot Misses the Net.
17:30 of 1st period - Shot by Dan Girardi.
17:30 of 1st period - Shot Blocked by Ryan McDonagh.
17:34 of 1st period - Shot by Patrick Eaves.
17:34 of 1st period - Shot Misses the Net.
17:36 of 1st period - Shot by Joffrey Lupul.
17:36 of 1st period - Shot Blocked by Ryan McDonagh.
17:38 of 1st period - Shot by Nate Schmidt.
17:38 of 1st period - Stopped by Cam Ward without a rebound.
17:39 of 1st period - Cody Eakin wins face-off versus Justin Abdelkader in Capitals zone.
17:59 of 1st period - Shot by Jordan Eberle.
17:59 of 1st period - Deflect By Martin Hanzal.
17:59 of 1st period - Shot Misses the Net.
18:07 of 1st period - Shot by Jordan Eberle.
18:07 of 1st period - Shot Misses the Net.
18:09 of 1st period - Shot by Adam Larsson.
18:09 of 1st period - Shot Blocked by Ryan McDonagh.
18:11 of 1st period - Shot by Cam Fowler.
18:11 of 1st period - Shot Misses the Net.
18:13 of 1st period - Shot by Cam Fowler.
18:13 of 1st period - Shot Blocked by Mike Green.
18:15 of 1st period - Shot by Adam Larsson.
18:15 of 1st period - Shot Misses the Net.
18:17 of 1st period - Shot by Adam Larsson.
18:17 of 1st period - Shot Misses the Net.
19:06 of 1st period - Shot by Teuvo Teravainen.
19:06 of 1st period - Stopped by Cam Ward without a rebound.
19:07 of 1st period - Mike Ribeiro wins face-off versus Matt Stajan in Capitals zone.
19:22 of 1st period - Patrick Eaves is hit by Morgan Rielly and loses puck.
19:58 of 1st period - Jiri Tlusty is hit by Justin Abdelkader and loses puck.
Goals for this period are 0 for Canadiens vs 3 for Capitals.
Shots for this period are 12 for Canadiens vs 13 for Capitals.

2nd period


0:01 of 2nd period - Ryan Kesler wins face-off versus Martin Hanzal in neutral zone.
0:06 of 2nd period - Shot by Ryan Kesler.
0:06 of 2nd period - Shot Blocked by Adam Larsson.
0:10 of 2nd period - Shot by Alexander Ovechkin.
0:10 of 2nd period - Stopped by Jonathan Bernier without a rebound.
0:11 of 2nd period - Mike Ribeiro wins face-off versus David Desharnais in Canadiens zone.
0:23 of 2nd period - Shot by Mike Ribeiro.
0:23 of 2nd period - Stopped by Cam Ward without a rebound.
0:24 of 2nd period - Ryan Kesler wins face-off versus Martin Hanzal in Capitals zone.
0:38 of 2nd period - Viktor Stalberg is hit by Brayden McNabb and loses puck.
0:52 of 2nd period - Shot by Alexander Ovechkin.
0:52 of 2nd period - Deflect By Viktor Stalberg.
0:52 of 2nd period - Shot Misses the Net.
0:54 of 2nd period - Shot by Ryan Kesler.
0:54 of 2nd period - Stopped by Jonathan Bernier without a rebound.
0:55 of 2nd period - David Desharnais wins face-off versus Mike Ribeiro in Canadiens zone.
1:52 of 2nd period - Shot by Ryan Kesler.
1:52 of 2nd period - Shot Blocked by Adam Larsson.
2:28 of 2nd period - Shot by Martin Hanzal.
2:28 of 2nd period - Shot Blocked by Morgan Rielly.
2:46 of 2nd period - Shot by Martin Hanzal.
2:46 of 2nd period - Stopped by Cam Ward without a rebound.
2:47 of 2nd period - Teuvo Teravainen wins face-off versus Matt Stajan in Capitals zone.
2:52 of 2nd period - Shot by Teuvo Teravainen.
2:52 of 2nd period - Stopped by Cam Ward without a rebound.
2:53 of 2nd period - Matt Stajan wins face-off versus Teuvo Teravainen in Capitals zone.
3:49 of 2nd period - Andrew Desjardins is hit by Brayden McNabb and loses puck.
4:49 of 2nd period - Brayden McNabb is hit by Ryan Kesler and loses puck.
5:42 of 2nd period - Shot by Derek Dorsett.
5:42 of 2nd period - Shot Misses the Net.
5:48 of 2nd period - Shot by Derek Dorsett.
5:48 of 2nd period - Stopped by Jonathan Bernier without a rebound.
5:49 of 2nd period - Nick Shore wins face-off versus David Desharnais in Canadiens zone.
5:49 of 2nd period - Nick Shore is hit by Mike Blunden.
6:29 of 2nd period - Minor Penalty to Matt Stajan for Holding.
6:29 of 2nd period - Minor Penalty to Ian Cole for Holding.
6:30 of 2nd period - Derek Dorsett wins face-off versus Mike Ribeiro in Canadiens zone.
6:31 of 2nd period - Shot by Ryan Kesler.
6:31 of 2nd period - Stopped by Jonathan Bernier without a rebound.
6:32 of 2nd period - Derek Dorsett wins face-off versus Mike Ribeiro in Canadiens zone.
6:33 of 2nd period - Shot by Ryan Kesler.
6:33 of 2nd period - Stopped by Jonathan Bernier without a rebound.
6:34 of 2nd period - Mike Ribeiro wins face-off versus Derek Dorsett in Canadiens zone.
7:37 of 2nd period - Shot by David Desharnais.
7:37 of 2nd period - Shot Misses the Net.
7:44 of 2nd period - Teuvo Teravainen is hit by Cody Eakin and loses puck.
8:01 of 2nd period - Shot by Teuvo Teravainen.
8:01 of 2nd period - Shot Misses the Net.
8:03 of 2nd period - Shot by Dan Girardi.
8:03 of 2nd period - Deflect By Teuvo Teravainen.
8:03 of 2nd period - Shot Blocked by Dmitri Orlov.
8:34 of 2nd period - Ian Cole is hit by Calvin de Haan and loses puck.
9:34 of 2nd period - Shot by Jordan Eberle.
9:34 of 2nd period - Shot Misses the Net.
10:12 of 2nd period - Shot by Alexander Ovechkin.
10:12 of 2nd period - Deflect By Ryan Kesler.
10:12 of 2nd period - Shot Blocked by Dan Girardi.
10:27 of 2nd period - Shot by Taylor Hall.
10:27 of 2nd period - Shot Misses the Net.
10:43 of 2nd period - Shot by David Desharnais.
10:43 of 2nd period - Shot Misses the Net.
10:45 of 2nd period - Shot by Taylor Hall.
10:45 of 2nd period - Stopped by Jonathan Bernier without a rebound.
10:46 of 2nd period - Mike Ribeiro wins face-off versus Cody Eakin in Canadiens zone.
11:15 of 2nd period - Shot by Cody Eakin.
11:15 of 2nd period - Deflect By Ryan Kesler.
11:15 of 2nd period - Shot Blocked by Nate Schmidt.
11:17 of 2nd period - Shot by Derek Dorsett.
11:17 of 2nd period - Stopped by Jonathan Bernier without a rebound.
11:18 of 2nd period - Andrew Desjardins wins face-off versus Martin Hanzal in Canadiens zone.
11:32 of 2nd period - Icing by Martin Hanzal.
11:33 of 2nd period - Martin Hanzal wins face-off versus David Desharnais in Canadiens zone.
12:00 of 2nd period - Shot by Jordan Eberle.
12:00 of 2nd period - Shot Misses the Net.
12:03 of 2nd period - Icing by Morgan Rielly.
12:04 of 2nd period - Mike Ribeiro wins face-off versus David Desharnais in Capitals zone.
12:56 of 2nd period - Shot by Alexander Ovechkin.
12:56 of 2nd period - Shot Misses the Net.
13:37 of 2nd period - Shot by Jordan Eberle.
13:37 of 2nd period - Stopped by Cam Ward without a rebound.
13:38 of 2nd period - Matt Stajan wins face-off versus Teuvo Teravainen in Capitals zone.
14:12 of 2nd period - Shot by Jiri Tlusty.
14:12 of 2nd period - Shot Misses the Net.
15:17 of 2nd period - Shot by Taylor Hall.
15:17 of 2nd period - Stopped by Jonathan Bernier without a rebound.
15:18 of 2nd period - Mike Ribeiro wins face-off versus Ryan Kesler in Canadiens zone.
15:30 of 2nd period - Patrick Eaves is hit by Ryan Kesler and loses puck.
16:18 of 2nd period - Off-side.
16:19 of 2nd period - Martin Hanzal wins face-off versus Taylor Hall in neutral zone.
16:42 of 2nd period - Shot by Jordan Eberle.
16:42 of 2nd period - Shot Blocked by Ryan Murphy.
16:50 of 2nd period - Shot by David Desharnais.
16:50 of 2nd period - Shot Misses the Net.
16:52 of 2nd period - Shot by Taylor Hall.
16:52 of 2nd period - Shot Misses the Net.
16:54 of 2nd period - Shot by Taylor Hall.
16:54 of 2nd period - Shot Misses the Net.
17:20 of 2nd period - Shot by Andrew Desjardins.
17:20 of 2nd period - Stopped by Jonathan Bernier without a rebound.
17:21 of 2nd period - Mike Ribeiro wins face-off versus Cody Eakin in Canadiens zone.
17:21 of 2nd period - Mike Ribeiro is hit by Ryan Kesler.
18:31 of 2nd period - Shot by Andrew Desjardins.
18:31 of 2nd period - Deflect By Jiri Tlusty.
18:31 of 2nd period - Stopped by Jonathan Bernier without a rebound.
18:32 of 2nd period - David Desharnais wins face-off versus Nick Shore in Canadiens zone.
18:52 of 2nd period - Icing by David Desharnais.
18:53 of 2nd period - Taylor Hall wins face-off versus Martin Hanzal in Capitals zone.
19:55 of 2nd period - Shot by Josh Bailey.
19:55 of 2nd period - Deflect By Teuvo Teravainen.
19:55 of 2nd period - Shot Blocked by Mike Green.
Goals for this period are 0 for Canadiens vs 0 for Capitals.
Shots for this period are 4 for Canadiens vs 10 for Capitals.

3rd period


0:01 of 3rd period - Mike Ribeiro wins face-off versus Ryan Kesler in neutral zone.
0:03 of 3rd period - Off-side.
0:04 of 3rd period - Mike Ribeiro wins face-off versus Alexander Ovechkin in neutral zone.
0:09 of 3rd period - Icing by Ryan McDonagh.
0:10 of 3rd period - Mike Ribeiro wins face-off versus Ryan Kesler in Capitals zone.
2:07 of 3rd period - Shot by Teuvo Teravainen.
2:07 of 3rd period - Stopped by Cam Ward without a rebound.
2:08 of 3rd period - Nick Shore wins face-off versus Matt Stajan in Capitals zone.
2:31 of 3rd period - Shot by Nail Yakupov.
2:31 of 3rd period - Shot Misses the Net.
3:15 of 3rd period - Shot by Cody Eakin.
3:15 of 3rd period - Shot Misses the Net.
3:17 of 3rd period - Shot by Ryan Kesler.
3:17 of 3rd period - Shot Blocked by Cam Fowler.
3:19 of 3rd period - Shot by Ryan Kesler.
3:19 of 3rd period - Shot Blocked by Adam Larsson.
3:21 of 3rd period - Shot by Cody Eakin.
3:21 of 3rd period - Shot Blocked by Mike Ribeiro.
3:23 of 3rd period - Shot by Ryan Kesler.
3:23 of 3rd period - Shot Misses the Net.
3:37 of 3rd period - Shot by Cody Eakin.
3:37 of 3rd period - Stopped by Jonathan Bernier with a rebound.
4:58 of 3rd period - Shot by Teuvo Teravainen.
4:58 of 3rd period - Shot Misses the Net.
5:00 of 3rd period - Shot by Teuvo Teravainen.
5:00 of 3rd period - Goal by Teuvo Teravainen - Canadiens : 1 - Capitals : 3.
5:01 of 3rd period - Nick Shore wins face-off versus Matt Stajan in neutral zone.
5:03 of 3rd period - Off-side.
5:04 of 3rd period - Mike Ribeiro wins face-off versus Matt Stajan in neutral zone.
5:34 of 3rd period - Shot by Jiri Tlusty.
5:34 of 3rd period - Stopped by Jonathan Bernier with a rebound.
5:42 of 3rd period - Shot by Matt Stajan.
5:42 of 3rd period - Stopped by Jonathan Bernier without a rebound.
5:43 of 3rd period - Martin Hanzal wins face-off versus David Desharnais in Canadiens zone.
5:43 of 3rd period - Martin Hanzal is hit by Mike Blunden.
7:01 of 3rd period - Ryan McDonagh is hit by Josh Bailey and loses puck.
7:08 of 3rd period - Ryan Kesler is hit by Dale Weise and loses puck.
7:50 of 3rd period - Mike Ribeiro is hit by Morgan Rielly and loses puck.
8:11 of 3rd period - Shot by Matt Stajan.
8:11 of 3rd period - Stopped by Jonathan Bernier with a rebound.
8:13 of 3rd period - Shot by Jiri Tlusty.
8:13 of 3rd period - Shot Blocked by Cam Fowler.
9:02 of 3rd period - Shot by Ryan Kesler.
9:02 of 3rd period - Shot Misses the Net.
9:04 of 3rd period - Shot by Ryan Kesler.
9:04 of 3rd period - Deflect By Cody Eakin.
9:04 of 3rd period - Stopped by Jonathan Bernier with a rebound.
9:24 of 3rd period - Dan Girardi is hit by Mike Blunden and loses puck.
9:31 of 3rd period - Shot by Taylor Hall.
9:31 of 3rd period - Shot Misses the Net.
9:33 of 3rd period - Shot by David Desharnais.
9:33 of 3rd period - Shot Blocked by Brayden McNabb.
9:35 of 3rd period - Shot by Taylor Hall.
9:35 of 3rd period - Shot Blocked by Jordan Eberle.
9:53 of 3rd period - Shot by Viktor Stalberg.
9:53 of 3rd period - Shot Hit the Post.
9:55 of 3rd period - Shot by Viktor Stalberg.
9:55 of 3rd period - Shot Misses the Net.
9:57 of 3rd period - Shot by Morgan Rielly.
9:57 of 3rd period - Stopped by Jonathan Bernier without a rebound.
9:58 of 3rd period - Teuvo Teravainen wins face-off versus Matt Stajan in Canadiens zone.
10:17 of 3rd period - Shot by Matt Stajan.
10:17 of 3rd period - Stopped by Jonathan Bernier without a rebound.
10:18 of 3rd period - Ryan Kesler wins face-off versus Nick Shore in Canadiens zone.
10:23 of 3rd period - Shot by Viktor Stalberg.
10:23 of 3rd period - Shot Blocked by Ian Cole.
10:27 of 3rd period - Shot by Alexander Ovechkin.
10:27 of 3rd period - Stopped by Jonathan Bernier without a rebound.
10:28 of 3rd period - Martin Hanzal wins face-off versus Matt Stajan in Canadiens zone.
10:28 of 3rd period - Martin Hanzal is hit by Matt Stajan.
11:10 of 3rd period - Shot by Jordan Eberle.
11:10 of 3rd period - Stopped by Cam Ward without a rebound.
11:11 of 3rd period - Ryan Kesler wins face-off versus Teuvo Teravainen in Capitals zone.
11:11 of 3rd period - Ryan Kesler is hit by Dale Weise.
11:19 of 3rd period - Shot by Ryan Kesler.
11:19 of 3rd period - Shot Misses the Net.
11:21 of 3rd period - Shot by Ryan Kesler.
11:21 of 3rd period - Deflect By Alexander Ovechkin.
11:21 of 3rd period - Stopped by Jonathan Bernier without a rebound.
11:22 of 3rd period - David Desharnais wins face-off versus Nick Shore in Canadiens zone.
11:23 of 3rd period - Shot by Taylor Hall.
11:23 of 3rd period - Shot Misses the Net.
11:43 of 3rd period - Shot by Nail Yakupov.
11:43 of 3rd period - Stopped by Cam Ward without a rebound.
11:44 of 3rd period - Ryan Kesler wins face-off versus Mike Ribeiro in Capitals zone.
12:17 of 3rd period - Shot by Alexander Ovechkin.
12:17 of 3rd period - Deflect By Ryan Kesler.
12:17 of 3rd period - Goal by Ryan Kesler - Canadiens : 1 - Capitals : 4.
12:18 of 3rd period - David Desharnais wins face-off versus Martin Hanzal in neutral zone.
12:20 of 3rd period - Off-side.
12:21 of 3rd period - David Desharnais wins face-off versus Martin Hanzal in neutral zone.
12:59 of 3rd period - Shot by David Desharnais.
12:59 of 3rd period - Stopped by Jonathan Bernier without a rebound.
13:00 of 3rd period - Mike Ribeiro wins face-off versus Ryan Kesler in Canadiens zone.
13:19 of 3rd period - Shot by Joffrey Lupul.
13:19 of 3rd period - Shot Misses the Net.
13:21 of 3rd period - Shot by Cam Fowler.
13:21 of 3rd period - Shot Misses the Net.
13:23 of 3rd period - Shot by Adam Larsson.
13:23 of 3rd period - Shot Misses the Net.
14:11 of 3rd period - Off-side.
14:12 of 3rd period - Martin Hanzal wins face-off versus David Desharnais in neutral zone.
14:51 of 3rd period - Shot by Martin Hanzal.
14:51 of 3rd period - Shot Blocked by David Desharnais.
14:53 of 3rd period - Shot by Jordan Eberle.
14:53 of 3rd period - Shot Blocked by Ryan McDonagh.
15:27 of 3rd period - Icing by Taylor Hall.
15:28 of 3rd period - David Desharnais wins face-off versus Mike Ribeiro in Capitals zone.
15:28 of 3rd period - David Desharnais is hit by Patrick Eaves.
16:00 of 3rd period - Shot by Cody Eakin.
16:00 of 3rd period - Stopped by Jonathan Bernier without a rebound.
16:01 of 3rd period - Teuvo Teravainen wins face-off versus Matt Stajan in Canadiens zone.
16:16 of 3rd period - Shot by Teuvo Teravainen.
16:16 of 3rd period - Stopped by Cam Ward without a rebound.
16:17 of 3rd period - Ryan Kesler wins face-off versus Martin Hanzal in Capitals zone.
16:47 of 3rd period - Shot by Alexander Ovechkin.
16:47 of 3rd period - Shot Misses the Net.
16:49 of 3rd period - Shot by Alexander Ovechkin.
16:49 of 3rd period - Stopped by Jonathan Bernier without a rebound.
16:50 of 3rd period - Mike Ribeiro wins face-off versus Jiri Tlusty in Canadiens zone.
17:21 of 3rd period - Shot by Patrick Eaves.
17:21 of 3rd period - Stopped by Cam Ward without a rebound.
17:22 of 3rd period - Martin Hanzal wins face-off versus Derek Dorsett in Capitals zone.
17:37 of 3rd period - Off-side.
17:38 of 3rd period - David Desharnais wins face-off versus Teuvo Teravainen in neutral zone.
17:44 of 3rd period - Shot by Taylor Hall.
17:44 of 3rd period - Stopped by Jonathan Bernier without a rebound.
17:45 of 3rd period - Alexander Ovechkin wins face-off versus Mike Ribeiro in Canadiens zone.
18:07 of 3rd period - Shot by Alexander Ovechkin.
18:07 of 3rd period - Stopped by Jonathan Bernier with a rebound.
18:09 of 3rd period - Shot by Alexander Ovechkin.
18:09 of 3rd period - Deflect By Ryan Kesler.
18:09 of 3rd period - Stopped by Jonathan Bernier with a rebound.
18:13 of 3rd period - Shot by Alexander Ovechkin.
18:13 of 3rd period - Shot Misses the Net.
18:15 of 3rd period - Shot by Alexander Ovechkin.
18:15 of 3rd period - Shot Blocked by Cam Fowler.
18:23 of 3rd period - Shot by Alexander Ovechkin.
18:23 of 3rd period - Goal by Alexander Ovechkin - Canadiens : 1 - Capitals : 5.
18:24 of 3rd period - David Desharnais wins face-off versus Justin Abdelkader in neutral zone.
18:33 of 3rd period - Shot by Jordan Eberle.
18:33 of 3rd period - Stopped by Cam Ward with a rebound.
18:45 of 3rd period - Dan Girardi is hit by Mike Blunden and loses puck.
18:52 of 3rd period - Shot by Taylor Hall.
18:52 of 3rd period - Shot Misses the Net.
18:54 of 3rd period - Shot by Mike Blunden.
18:54 of 3rd period - Stopped by Jonathan Bernier without a rebound.
18:55 of 3rd period - Teuvo Teravainen wins face-off versus Matt Stajan in Canadiens zone.
19:34 of 3rd period - Shot by Teuvo Teravainen.
19:34 of 3rd period - Stopped by Cam Ward without a rebound.
19:35 of 3rd period - Ryan Kesler wins face-off versus Mike Ribeiro in Capitals zone.
19:48 of 3rd period - Shot by Mike Ribeiro.
19:48 of 3rd period - Stopped by Cam Ward without a rebound.
19:49 of 3rd period - Martin Hanzal wins face-off versus David Desharnais in Capitals zone.
19:58 of 3rd period - Shot by David Desharnais.
19:58 of 3rd period - Stopped by Jonathan Bernier without a rebound.
19:59 of 3rd period - Ryan Kesler wins face-off versus Mike Ribeiro in Canadiens zone.
Goals for this period are 1 for Canadiens vs 2 for Capitals.
Shots for this period are 9 for Canadiens vs 19 for Capitals.